 Dungeon Crawl Stone Soup version 0.31-a0-692-gf03d1854d5 (webtiles) character file.

Game seed: 8262225803921009634

443 qw the Shooter (level 7, -12/44 HPs)
             Began as a Gargoyle Hunter on Sept 6, 2023.
             Mangled by an ogre
             ... wielding a +0 giant club
              (30 damage)
             ... on level 4 of the Dungeon.
             The game lasted 00:01:08 (2707 turns).

qw the Shooter (Gargoyle Hunter)                    Turns: 2707, Time: 00:01:09

Health: -12/44     AC: 12    Str: 13 (14) XL:     7   Next: 2%
Magic:  7/7        EV: 10    Int: 10      God:
Gold:   173        SH:  0    Dex: 12 (15) Spells: 6/6 levels left

rFire   . . .        Y - +1 shortbow
rCold   . . .        (shield currently unavailable)
rNeg    + . .        b - +0 ring mail
rPois   inf          (no helmet)
rElec   +            f - +1 cloak
rCorr   .            (no gloves)
SInv    .            (no boots)
Will    .....        (no amulet)
Stlth   +            (no ring)
HPRegen 0.27/turn    (no ring)
MPRegen 0.10/turn

%: no passive effects
@: no status effects
A: sickness immunity, AC +4, negative energy resistance 1, electricity
resistance, torment resistance 1, petrification resistance
a: no special abilities


You were on level 4 of the Dungeon.
You visited 1 branch of the dungeon, and saw 4 of its levels.

You collected 173 gold pieces.


Innate Abilities, Weirdness & Mutations

You are immune to sickness and miasma.
Your stone body is resilient. (AC +4)
You are immune to poison.
You resist negative energy. (rN+)
You are resistant to electric shocks. (rElec)
You are resistant to unholy torment.
You are immune to petrification.


   Skills:
 - Level 4.7 Fighting
 + Level 6.9 Ranged Weapons
 - Level 1.6 Armour
 - Level 1.5 Dodging
 - Level 1.1 Stealth


You had 6 spell levels left.
You didn't know any spells.
Your spell library was empty.

Inventory:

Hand Weapons
 Y - a +1 shortbow (weapon)
Armour
 b - a +0 ring mail (worn)
 e - +0 acid dragon scales
 f - a +1 cloak (worn)
 g - a +0 pair of gloves
Jewellery
 c - a ring of willpower
Scrolls
 a - a scroll of identify
Potions
 d - a potion of haste
 h - a potion of mutation {unknown}
 i - a potion of attraction {unknown}
 j - 4 potions of curing

Dungeon Overview and Level Annotations

Branches:
Dungeon (4/15)
 Temple: D:4-7

Altars:
Dithmenos
Sif Muna
Yredelemnul


Message History

You shoot an arrow.
The arrow closely misses the howler monkey.
The arrow hits the phantom but does no damage.
The howler monkey hoots and howls with incredible vigour!
The howler monkey hits you but does no damage.
You shoot an arrow. The arrow hits the howler monkey.
The howler monkey is severely wounded.
The howler monkey closely misses you.
You shoot an arrow. The arrow hits the howler monkey!
You kill the howler monkey!
The ogre barely misses you.
You have reached level 7!
2702 |||
Found retreat position at 0,-1 (phantom; floor) with 0 blocking monsters and 1 monsters attacking at destination at distance 1 You shoot an arrow.
The arrow completely misses the ogre.
The phantom hits you but does no damage.
The ogre closely misses you.
The phantom hits you but does no damage.
2703 |||
Found retreat position at 0,-1 (phantom; floor) with 0 blocking monsters and 1 monsters attacking at destination at distance 1 You shoot an arrow.
The arrow hits the ogre but does no damage.
The phantom hits you but does no damage.
The ogre hits you with a +0 giant club!
You shoot an arrow. The arrow hits the ogre!
The ogre is moderately wounded.
The phantom barely misses you.
You shoot an arrow. The arrow barely misses the ogre.
The ogre hits you but does no damage.
The phantom hits you but does no damage.
2706 |||
Found retreat position at 0,-1 (phantom; floor) with 0 blocking monsters and 1 monsters attacking at destination at distance 1 You shoot an arrow.
The arrow hits the ogre but does no damage.
The ogre is moderately wounded.
The phantom barely misses you. The ogre hits you with a +0 giant club.
2707 |||
Found retreat position at 0,-1 (phantom; floor) with 0 blocking monsters and 1 monsters attacking at destination at distance 1 You shoot an arrow.
The arrow hits the ogre.
The ogre is heavily wounded.
The phantom hits you but does no damage.
The ogre hits you with a +0 giant club!!
Ouch! That really hurt!
You die...

#...##...##....%.......
######...##......W..###
#....##....####.W..
#....##....######.#
#............#..# .
#............)..#####
#...%.####...#......#
#####.....#.#.#W####..##
##..##..#.#.#..#@####..########
#.........####.O...#..........#
#..................#..........#
#<.................'..........#
..................%#..........#
#..................#..........#
.................>.#..........#
...8...............#..........#
........##.##.##+####...##...##


You could see an ogre and a phantom.

Vanquished Creatures
  An ogre (D:4)
  A phantom (D:4)
  A howler monkey (D:4)
  A hound (D:4)
  An orc priest (D:3)
  Natasha (D:4)
  An iguana (D:3)
  6 adders
  3 worms
  A dart slug (D:2)
  7 orcs
  3 bats
  10 endoplasms
  3 giant cockroaches
  2 hobgoblins
  2 jackals (D:2)
  8 kobolds
  2 quokkas (D:2)
  6 ball pythons
  3 frilled lizards (D:2)
  6 goblins
  7 rats
76 creatures vanquished.

Notes
Turn   | Place    | Note
-------+----------+-------------------------------------------
     0 | D:1      | qw the Gargoyle Hunter began the quest for the Orb.
     0 | D:1      | Reached XP level 1. HP: 12/12 MP: 1/1
     0 | D:1      | 0 ||| qw: Version: 0.3-a-76-g4403597
     0 | D:1      | 0 ||| qw: Game counter: 310
     0 | D:1      | 0 ||| qw: Melee chars always use a shield: true
     0 | D:1      | 0 ||| qw: God list: Okawaru
     0 | D:1      | 0 ||| qw: Allow faded altars: false
     0 | D:1      | 0 ||| qw: Do Orc after clearing Dungeon:15 true
     0 | D:1      | 0 ||| qw: Do second Lair branch before Depths: true
     0 | D:1      | 0 ||| qw: Lair rune preference: random
     0 | D:1      | 0 ||| qw: Goals: Normal
     0 | D:1      | 0 ||| PLANNING D:1-11
   120 | D:1      | Reached XP level 2. HP: 17/17 MP: 2/2
   512 | D:1      | 512 ||| READING scroll labelled XIOSUO UTTUWA.
   513 | D:1      | 513 ||| READING scroll labelled KISHRY QYEXZOLO.
   514 | D:1      | 514 ||| DRINKING 2 bubbling brown potions.
   515 | D:1      | 515 ||| DROPPING scroll of butterflies.
   569 | D:2      | Reached XP level 3. HP: 21/21 MP: 3/3
   591 | D:2      | Reached skill level 5 in Ranged Weapons
   879 | D:2      | Reached skill level 3 in Fighting
   879 | D:2      | Reached XP level 4. HP: 28/28 MP: 4/4
  1009 | D:2      | 1009 ||| READING 2 scrolls labelled NEQEZX WASHRESS.
  1010 | D:2      | 1010 ||| READING scroll labelled POOLUNKI JOOS.
  1032 | D:3      | Found a shadowy altar of Dithmenos.
  1034 | D:3      | 1034 ||| Stepping ~*~*~tactically~*~*~ (outnumbered).
  1045 | D:3      | 1045 ||| FLEEEEING.
  1046 | D:3      | 1046 ||| STAIRDANCE
  1284 | D:3      | Reached XP level 5. HP: 22/32 MP: 5/5
  1341 | D:3      | Reached skill level 6 in Ranged Weapons
  1605 | D:3      | Found a shimmering blue altar of Sif Muna.
  2010 | D:3      | 2010 ||| UPGRADING to +0 ring mail.
  2020 | D:3      | 2020 ||| DROPPING +0 leather armour.
  2021 | D:3      | 2021 ||| UPGRADING to +1 cloak.
  2026 | D:3      | 2026 ||| READING scroll labelled WYEGUBB ZIGOUS.
  2049 | D:3      | 2049 ||| READING scroll labelled ZAOL SOTZOULAFF.
  2050 | D:3      | 2050 ||| READING scroll labelled IKAYNO XASUAFF.
  2151 | D:3      | 2151 ||| DRINKING 2 metallic yellow potions.
  2152 | D:3      | 2152 ||| READING 2 scrolls of identify.
  2152 | D:3      | 2152 ||| IDENTIFYING ruby potion
  2153 | D:3      | 2153 ||| DROPPING potion of degeneration.
  2199 | D:4      | Reached skill level 1 in Armour
  2241 | D:4      | Found a basalt altar of Yredelemnul.
  2343 | D:4      | Noticed an ogre
  2352 | D:4      | Killed an ogre
  2353 | D:4      | Reached XP level 6. HP: 18/39 MP: 6/6
  2427 | D:4      | 2427 ||| FLEEEEING.
  2457 | D:4      | Noticed Natasha
  2465 | D:4      | Killed Natasha
  2673 | D:4      | 2673 ||| RETREATING.
  2687 | D:4      | 2687 ||| Stepping ~*~*~tactically~*~*~ (retreating).
  2688 | D:4      | 2688 ||| Stepping ~*~*~tactically~*~*~ (retreating).
  2690 | D:4      | 2690 ||| Stepping ~*~*~tactically~*~*~ (retreating).
  2691 | D:4      | 2691 ||| Stepping ~*~*~tactically~*~*~ (retreating).
  2693 | D:4      | 2693 ||| Stepping ~*~*~tactically~*~*~ (retreating).
  2694 | D:4      | 2694 ||| Stepping ~*~*~tactically~*~*~ (retreating).
  2695 | D:4      | 2695 ||| Stepping ~*~*~tactically~*~*~ (retreating).
  2696 | D:4      | 2696 ||| Stepping ~*~*~tactically~*~*~ (retreating).
  2702 | D:4      | Reached XP level 7. HP: 36/44 MP: 7/7
  2707 | D:4      | Mangled by an ogre

Levels and vault maps discovered:
D:1:      lightli_arrival_farm, layout_rooms, kennysheep_crisscross
D:2:      layout_rooms, grunt_ministairs_11, kennysheep_generic_room_14
D:3:      layout_basic, nicolae_dithmenos_shadow_blocks,
          mainiacjoe_overflow_concentric_impassable, serial_curves,
          eino_curves_03, eino_curves_02, eino_curves_01, eino_curves_01
D:4:      layout_gridville, mainiacjoe_overflow_24_doors, minmay_misc_feat_tiny,
          st_stairs_1, hangedman_minor_gate_pass, uniq_natasha

Skill      XL: |  1  2  3  4  5 |
---------------+----------------+-----
Ranged Weapons | 5 6 |  6.9
Fighting       | 3 4 |  4.7
Armour         | 1 |  1.6
Dodging        | |  1.5
Stealth        | |  1.1

Action                     |  1- 3 |  4- 6 |  7- 9 || total
---------------------------+-------+-------+-------++-------
   Fire: Shortbow          |   100 |   161 |     6 ||   267
    Use: Scroll            |     2 |     6 |       ||     8
         Potion            |     1 |     1 |       ||     2
 Armour: Leather armour    |    11 |    11 |       ||    22
         Ring mail         |       |    66 |     9 ||    75
  Dodge: Dodged            |    20 |    48 |     3 ||    71

Table legend:
 A = Non-vault XP
 B = Vault XP
 C = Vault XP percentage of total XP
 D = Non-vault monster count
 E = Vault monster count
 F = Vault count percentage of total count
                 A         B        C        D         E       F
            +---------+---------+-------+---------+---------+-------
      Total |     524 |     110 |  17.4 |      70 |       6 |   7.9
            +---------+---------+-------+---------+---------+-------
        D:1 |      31 |       0 |   0.0 |      21 |       0 |   0.0
        D:2 |      44 |      17 |  27.9 |      18 |       2 |  10.0
        D:3 |     142 |       0 |   0.0 |      21 |       0 |   0.0
        D:4 |     307 |      93 |  23.2 |      10 |       4 |  28.6
            +---------+---------+-------+---------+---------+-------
